[Event "FIDE WCCC Girls-12 2024"]
[Site "Montesilvano"]
[Date "2024.11.22"]
[Round "7.14"]
[White "Telyuk, Anastasiya"]
[Black "Pratitee Bordoloi"]
[Result "0-1"]
[Annotator "NA RC"]
[ECO "B12"]
[WhiteElo "1603"]
[BlackElo "1929"]
[PlyCount "60"]
[EventDate "2024.11.18"]
[EventType "swiss"]
[EventCountry "ITA"]
[SourceTitle "playchess.com"]
[Source "ChessBase"]
[SourceQuality "1"]
[TimeControl "5400+30"]

1. e4 c6 2. d4 d5 3. e5 Bf5 4. c4 e6 5. Nc3 Ne7 6. a3 h6 7. c5 Nd7 8. b4 b6 9. Nf3 a5 10. Be3 Qc7 11. Be2 g5 12. h3 Bg7 13. O-O O-O 14. Qd2 Bh7 15. Nh2 $17 (15. Rfe1 $11 {remains equal.}) 15... Nf5 16. Ng4 Rfd8 17. Na4 Kh8 18. Qc1 bxc5 19. bxc5 Rab8 20. Qc3 Nxe5 21. dxe5 d4 22. Bxd4 Nxd4 23. Bc4 Bf5 24. Rad1 Bxe5 25. Nxe5 Qxe5 26. Rfe1 Qg7 27. Rd2 g4 28. hxg4 Bxg4 29. Re4 Bf3 30. Bf1 Bxe4 0-1

[Event "FIDE WCCC Girls-12 2024"]
[Site "Montesilvano"]
[Date "2024.11.22"]
[Round "7.16"]
[White "Rzadkowska, Kaja"]
[Black "Gailevska, Milana"]
[Result "0-1"]
[Annotator "NA RC"]
[ECO "C09"]
[WhiteElo "1798"]
[BlackElo "1698"]
[PlyCount "138"]
[EventDate "2024.11.18"]
[EventType "swiss"]
[EventCountry "ITA"]
[SourceTitle "playchess.com"]
[Source "ChessBase"]
[SourceQuality "1"]
[TimeControl "5400+30"]

1. e4 e6 2. d4 d5 3. Nd2 c5 4. exd5 exd5 5. Ngf3 Nc6 6. Bb5 Bd6 7. dxc5 Bxc5 8. O-O Nge7 9. Nb3 Bd6 10. Re1 O-O 11. c3 Bg4 12. Be2 Re8 13. Bg5 h6 14. Bh4 a6 15. Qd2 Qc7 16. Bg3 Bxg3 17. hxg3 Rad8 18. Nfd4 Bxe2 19. Rxe2 Ng6 20. Rae1 Rxe2 21. Rxe2 Nxd4 22. Nxd4 Rc8 23. Re3 Kf8 24. Nf5 Qd7 25. g4 b5 26. Rd3 Rd8 27. Qe3 Qc6 28. b3 Qe6 29. Qd2 Qc6 30. Ne3 Nf4 31. Rd4 Ne6 32. Rxd5 Rxd5 33. Qxd5 Qxd5 34. Nxd5 Nc5 35. Kf1 Nd3 36. Nb4 Nxb4 37. cxb4 Ke7 38. Ke2 Ke6 39. Ke3 Kd5 40. f4 g6 41. Kd3 f6 42. Ke3 g5 43. g3 gxf4+ 44. gxf4 Kd6 45. Kd4 Ke6 46. Ke4 f5+ 47. Kf3 fxg4+ 48. Kxg4 Kf6 49. a4 Kg6 50. f5+ Kf6 51. Kf4 h5 52. a5 h4 53. Kg4 h3 54. Kxh3 Kxf5 55. Kg3 Ke4 56. Kf2 Kd3 57. Ke1 Kc3 58. Kd1 Kxb3 59. Kc1 Kxb4 60. Kb2 Kxa5 61. Ka3 b4+ 62. Kb3 Kb5 63. Kb2 a5 64. Ka2 a4 65. Kb2 Kc4 66. Kc2 a3 67. Kb1 Kb3 68. Ka1 Kc2 69. Ka2 b3+ 0-1

[Event "FIDE WCCC Girls-12 2024"]
[Site "Montesilvano"]
[Date "2024.11.22"]
[Round "7.21"]
[White "Liu, Jingyu"]
[Black "Li, Peishan"]
[Result "0-1"]
[Annotator "NA RC"]
[ECO "D35"]
[WhiteElo "1680"]
[BlackElo "1729"]
[PlyCount "70"]
[EventDate "2024.11.18"]
[EventType "swiss"]
[EventCountry "ITA"]
[SourceTitle "playchess.com"]
[Source "ChessBase"]
[SourceQuality "1"]
[TimeControl "5400+30"]

1. d4 Nf6 2. c4 e6 3. Nc3 d5 4. cxd5 exd5 5. Bg5 Be7 6. e3 h6 7. Bf4 O-O 8. Bd3 c6 9. Nf3 Be6 10. h3 Nbd7 11. O-O Re8 12. Qc2 a5 13. Na4 Rc8 14. a3 Ne4 15. Bxe4 dxe4 16. Ne5 Nxe5 17. Bxe5 Bd5 18. Qd2 Bb3 19. Nc3 Bd6 20. Nxe4 Bxe5 21. dxe5 Rxe5 22. Qc3 Rb5 23. f3 a4 24. Rf2 Rd5 25. Nc5 Qb6 26. Nxb3 axb3 27. e4 Rd7 28. Re1 c5 29. Re3 c4 30. f4 Rcd8 31. Rff3 Rd3 32. Qb4 Qd4 33. Kf2 Qxb2+ 34. Re2 Rd2 35. Rfe3 c3 0-1

[Event "FIDE WCCC Girls-12 2024"]
[Site "Montesilvano"]
[Date "2024.11.22"]
[Round "7.29"]
[White "Sunea, Sara Maria"]
[Black "Ordonez Alarcon, Daniela"]
[Result "1-0"]
[Annotator "NA RC"]
[ECO "C28"]
[WhiteElo "1823"]
[BlackElo "1606"]
[PlyCount "107"]
[EventDate "2024.11.18"]
[EventType "swiss"]
[EventCountry "ITA"]
[SourceTitle "playchess.com"]
[Source "ChessBase"]
[SourceQuality "1"]
[TimeControl "5400+30"]

1. e4 e5 2. Bc4 Nf6 3. d3 Nc6 4. Nc3 Bb4 5. Nge2 d5 6. exd5 Nxd5 7. Bd2 Be6 8. Bb5 Qd7 9. O-O Bxc3 10. Nxc3 a6 11. Ba4 O-O 12. Re1 b5 13. Bb3 f5 14. Qf3 Nd4 15. Qd1 Qd6 16. Ne2 Nxb3 17. axb3 f4 18. f3 Rf6 19. Nc3 Rg6 20. Kh1 Re8 21. Nxd5 Bxd5 22. Bxf4 Qf6 23. Bg3 h5 24. c4 Bb7 25. Bf2 Rf8 26. Re3 h4 27. h3 Qg5 28. Qf1 Qh5 29. Rae1 Rxf3 30. gxf3 Bxf3+ 31. Kh2 Rg2+ 32. Qxg2 Bxg2 33. Kxg2 Qg5+ 34. Kf1 Qf5 35. Ke2 g5 36. Rg1 Kh7 37. Rg4 Qf6 38. Rf3 Qg6 39. Be3 bxc4 40. bxc4 Qe6 41. Bxg5 a5 42. Rxh4+ Kg8 43. Rg4 Kh7 44. Rf6 Qe8 45. Be3 Qh5 46. Rh6+ Qxh6 47. Bxh6 Kxh6 48. Rg8 Kh5 49. Kf2 Kh4 50. Kg2 Kh5 51. Kf3 Kh4 52. Ke4 Kxh3 53. Kxe5 Kh4 54. Ke4 1-0